[Event "fics rated crazyhouse match"]
[Site "fics, Oklahoma City, OK USA"]
[Date "2000.03.28"]
[White "LordPixel"]
[WhiteElo "2349"]
[Black "Eyefor"]
[BlackElo "2316"]
[TimeControl "0+1"]
[Result "0-1"]

1. e4 Nf6 2. Nc3 d5 3. exd5 Nxd5 4. Nf3 e6 5. d4 Nxc3 6. bxc3 
P@e4 7. Bb5+ c6 8. Bg5 Qc7 9. Be2 exf3 10. Bxf3 N@b2 11. Qb1 N@c4 
12. P@b3 Bd7 13. bxc4 Nxc4 14. P@b3 Na3 15. Qb2 P@f6 16. Be3 e5 17. dxe5 
fxe5 18. N@c5 Bxc5 19. Bxc5 P@d2+ 20. Kf1 Nb5 21. P@e7 Na6 22. B@e3 N@h4 
23. Be4 Nxc5 24. Bxc5 B@d6 25. Bxd6 Qxd6 26. N@d3 Qxe7 27. N@c5 P@a3 28. Bxc6 
axb2 29. Bxd7+ Qxd7 30. Nxb2 Q@c1+ 31. Rxc1 dxc1=Q+ 32. B@e1 Qxe1+ 33. Kxe1 R@c1+ 
34. B@d1 Nxg2+ 35. Kf1 Rxd1+ 36. Nxd1 Qxd1+ 37. R@e1 Qxe1+ 38. Kxg2 N@f4+ 39. Kf3 
Qe2+ 40. Kg3 R@h3# 
{LordPixel checkmated} 0-1

[Event "fics rated crazyhouse match"]
[Site "fics, Oklahoma City, OK USA"]
[Date "2000.03.28"]
[White "Eyefor"]
[WhiteElo "2325"]
[Black "LordPixel"]
[BlackElo "2340"]
[TimeControl "0+1"]
[Result "1-0"]

1. e4 e6 2. d4 Nf6 3. e5 Nd5 4. Nf3 d6 5. exd6 cxd6 6. Be2 
Be7 7. O-O O-O 8. c4 Nf6 9. P@h6 gxh6 10. Bxh6 P@g7 11. Bxg7 Kxg7 
12. P@g5 Kg8 13. gxf6 Bxf6 14. N@h6+ Kh8 15. P@c2 P@e4 16. Nfd2 B@g7 17. Nxe4 
Bxh6 18. P@c7 Qe7 19. cxb8=Q Rxb8 20. Nxf6 Qxf6 21. N@e4 Qe7 22. B@f6+ Qxf6 
23. Nxf6 P@f3 24. Bxf3 N@e8 25. Nxe8 Rxe8 26. Q@f6+ P@g7 27. Qxf7 B@g6 28. Qc7 
N@d7 29. Qxd6 N@f7 30. Qa3 Ra8 31. N@c7 Ng5 32. Nxa8 Nxf3+ 33. Qaxf3 B@f5 
34. R@e2 Nb6 35. Nxb6 axb6 36. P@d7 Bxd7 37. Qxb7 N@f6 38. Qxb6 P@d3 39. cxd3 
Bxd3 40. P@f7 Rf8 41. P@b7 P@c2 42. Rxc2 Bxc2 43. b8=Q R@a8 44. Qxa8 Rxa8 
45. R@d8+ Rxd8 46. Qxd8+ R@g8 47. fxg8=Q+ Nxg8 48. Qxc2 P@g3 49. N@f7+ Bxf7 50. Qxd7 
gxh2+ 51. Kxh2 N@b4 52. Qxh7+ Kxh7 53. N@f8+ Kh8 54. R@h7# 
{LordPixel checkmated} 1-0

[Event "fics rated crazyhouse match"]
[Site "fics, Oklahoma City, OK USA"]
[Date "2000.03.28"]
[White "Eyefor"]
[WhiteElo "2325"]
[Black "LordPixel"]
[BlackElo "2340"]
[TimeControl "60+0"]
[Result "1-0"]

1. e4 e6 2. d4 d6 3. Nf3 Nf6 4. Bd3 Nc6 5. c3 e5 6. d5 
Nb8 7. h3 Nbd7 8. Be3 h6 9. Na3 Be7 10. Qa4 a6 11. Rd1 Nh5 
12. Nb5 Rb8 13. Na7 Nf6 14. Nxc8 Qxc8 15. B@d2 Nh5 16. Rh2 N@f4 17. Bxf4 
Nxf4 18. Bxf4 exf4 19. N@h5 g5 20. N@f6+ Bxf6 21. Nxf6+ Kd8 22. Nxd7 Qxd7 
23. B@f6+ N@e7 24. Qxd7+ Kxd7 25. Q@g4+ Ke8 26. Bxh8 N@d7 27. Nxg5 Q@g1+ 28. R@f1 
Qxh2 29. N@g7+ Kf8 30. Nf3 h5 31. Nxh5 B@e2 32. Bxe2 R@g5 33. Qxg5 B@f6 
34. P@g7+ Ke8 35. g8=Q+ Nxg8 36. Qxg8+ Nf8 37. Nxf6+ Ke7 38. N@f5+ Kd8 39. Qxf8# 
{LordPixel checkmated} 1-0

[Event "fics rated crazyhouse match"]
[Site "fics, Oklahoma City, OK USA"]
[Date "2000.04.01"]
[White "Eyefor"]
[WhiteElo "2293"]
[Black "ronenl"]
[BlackElo "2157"]
[TimeControl "120+0"]
[Result "1-0"]

1. e4 e6 2. d4 Nc6 3. Be3 Nf6 4. Bd3 d5 5. e5 Ne4 6. Qf3 
Qh4 7. a3 Be7 8. g3 Nxd4 9. Bxd4 P@d2+ 10. Nxd2 Nxd2 11. Qxf7+ Kxf7 
12. gxh4 N@e4 13. P@f3 Bxh4 14. Q@f4+ Q@f5 15. Qxh4 Nxf3+ 16. Nxf3 Qxf3 17. B@h5+ 
N@g6 18. Bxe4 P@d2+ 19. Kxd2 Qxe4 20. N@g5+ Kf8 21. Qxe4 dxe4 22. Q@f7# 
{ronenl checkmated} 1-0

[Event "fics rated crazyhouse match"]
[Site "fics, Oklahoma City, OK USA"]
[Date "2000.04.01"]
[White "ronenl"]
[WhiteElo "2152"]
[Black "Eyefor"]
[BlackElo "2298"]
[TimeControl "120+0"]
[Result "0-1"]

1. e4 e6 2. d4 d6 3. Bd3 d5 4. e5 Nc6 5. c3 Nge7 6. Nh3 
h6 7. O-O Nf5 8. Be3 Nxe3 9. fxe3 B@f5 10. Qf3 Qd7 11. Bb5 Bxb1 
12. Raxb1 N@d2 13. Bxc6 Nxf3+ 14. Rxf3 bxc6 15. Rbf1 B@f5 16. B@h4 Bxh3 17. Rxf7 
N@e2+ 18. Kh1 Qxf7 
{ronenl resigns} 0-1

[Event "fics rated crazyhouse match"]
[Site "fics, Oklahoma City, OK USA"]
[Date "2000.04.01"]
[White "Eyefor"]
[WhiteElo "2303"]
[Black "ronenl"]
[BlackElo "2147"]
[TimeControl "120+0"]
[Result "1-0"]

1. e4 d5 2. exd5 Nf6 3. Bb5+ c6 4. dxc6 bxc6 5. Be2 e5 6. P@g5 
Ne4 7. d3 Nxg5 8. Bxg5 Qxg5 9. N@c7+ Kd7 10. Nxa8 Qxg2 11. R@c7+ Kd8 
12. Rxc8+ Kxc8 13. B@h3+ Qxh3 14. Nxh3 B@a5+ 15. c3 B@g2 16. Q@e8+ R@d8 17. Qxf7 
Nd7 18. P@e7 Bxe7 19. Qxg7 Bxh3 20. Qxe7 P@d4 21. B@a6+ P@b7 22. Qa4 N@g2+ 
23. Kd1 P@c2+ 24. Kxc2 dxc3 25. Qxc6+ P@c7 26. Qxb7# 
{ronenl checkmated} 1-0

[Event "fics rated crazyhouse match"]
[Site "fics, Oklahoma City, OK USA"]
[Date "2000.04.01"]
[White "ronenl"]
[WhiteElo "2142"]
[Black "Eyefor"]
[BlackElo "2308"]
[TimeControl "120+0"]
[Result "1-0"]

1. e4 e6 2. d4 d6 3. Bd3 d5 4. e5 Bb4+ 5. c3 Be7 6. Nh3 
h6 7. Be3 Nc6 8. Nd2 Bf8 9. f4 Nge7 10. O-O Nf5 11. b4 Nxe3 
12. Qf3 Nxf1 13. Rxf1 R@a3 14. f5 Rxc3 15. fxe6 Bxe6 16. P@g6 P@f6 17. gxf7+ 
Bxf7 18. P@g6 Be6 19. exf6 Qxf6 20. Qxf6 gxf6 21. P@f7+ Kd7 22. N@e8 B@e3+ 
23. Kh1 Rxe8 24. fxe8=Q+ Kxe8 25. R@f3 Bxd2 26. Rxf6 Bxh3 27. P@f7+ Kd7 28. Q@e8# 
{Eyefor checkmated} 1-0

[Event "fics rated crazyhouse match"]
[Site "fics, Oklahoma City, OK USA"]
[Date "2000.04.01"]
[White "Eyefor"]
[WhiteElo "2296"]
[Black "ronenl"]
[BlackElo "2154"]
[TimeControl "120+0"]
[Result "0-1"]

1. e4 e6 2. d4 d5 3. exd5 exd5 4. Bb5+ Bd7 5. Qe2+ Be7 6. Bxd7+ 
Nxd7 7. P@e6 fxe6 8. Qxe6 B@f7 9. Qh3 Ngf6 10. P@e6 Bh5 11. B@a4 O-O 
12. exd7 Bg4 13. Qb3 Bxd7 14. Bxd7 Qxd7 15. Qxb7 Rfe8 16. P@f7+ Kxf7 17. N@e5+ 
Kg8 18. B@f7+ Kh8 19. Qxa8 Bb4+ 20. Bd2 Rxa8 21. Nxd7 Bxd2+ 22. Nxd2 Q@e7+ 
23. Ne5 B@f4 24. Ngf3 Bxd2+ 25. Nxd2 B@f4 26. Q@b7 Bxd2+ 27. Kxd2 N@e4+ 28. Ke1 
P@d2+ 29. Kd1 P@e2+ 30. Kxe2 N@f4+ 31. Kf1 P@e2+ 32. Kg1 e1=Q+ 33. Rxe1 dxe1=Q+ 
34. B@f1 Ne2# 
{Eyefor checkmated} 0-1

[Event "fics rated crazyhouse match"]
[Site "fics, Oklahoma City, OK USA"]
[Date "2000.04.01"]
[White "ronenl"]
[WhiteElo "2165"]
[Black "Eyefor"]
[BlackElo "2285"]
[TimeControl "120+0"]
[Result "0-1"]

1. e4 e6 2. d4 d6 3. Bd3 d5 4. e5 Nc6 5. c3 Nge7 6. Bg5 
h6 7. Bxe7 Qxe7 8. Nd2 B@f5 9. Bxf5 exf5 10. Ne2 B@d3 11. O-O Bxe2 
12. Qxe2 N@f4 13. Qf3 Qg5 14. B@g3 Nh3+ 15. gxh3 Qxd2 16. N@b5 N@e2+ 17. Kh1 
Nxg3+ 18. hxg3 B@e4 19. Nxc7+ Kd7 20. Qxe4 fxe4 21. Nxa8 Qxb2 22. P@d6 Q@f3+ 
23. Kg1 Qxg3+ 24. B@g2 P@h2+ 25. Kh1 Qgxc3 26. N@c5+ Kd8 27. B@c7+ Ke8 28. Bb6 
Bxd6 29. exd6 axb6 30. Nc7+ Kd8 31. B@e7+ Nxe7 32. dxe7+ Kxc7 33. N@e6+ fxe6 
{ronenl forfeits on time} 0-1

[Event "fics rated crazyhouse match"]
[Site "fics, Oklahoma City, OK USA"]
[Date "2000.04.01"]
[White "Eyefor"]
[WhiteElo "2290"]
[Black "ronenl"]
[BlackElo "2160"]
[TimeControl "120+0"]
[Result "0-1"]

1. e4 e6 2. d4 d5 3. exd5 exd5 4. Bb5+ Bd7 5. Qe2+ Be7 6. Nc3 
Bxb5 7. Qxb5+ B@c6 8. Qe2 Nf6 9. P@b5 Bd7 10. Bg5 P@e4 11. Bxf6 Bxf6 
12. Nxd5 Bxd4 13. Qxe4+ Be6 14. Nxc7+ Qxc7 15. Qxd4 B@e5 16. P@d6 Bxd4 17. dxc7 
Bxf2+ 18. Kxf2 N@g4+ 19. Kg3 Q@f2+ 20. Kh3 Ne3+ 21. Q@f5 Bxf5+ 22. g4 Bxg4# 
{Eyefor checkmated} 0-1

[Event "fics rated crazyhouse match"]
[Site "fics, Oklahoma City, OK USA"]
[Date "2000.04.01"]
[White "ronenl"]
[WhiteElo "2171"]
[Black "Eyefor"]
[BlackElo "2279"]
[TimeControl "120+0"]
[Result "0-1"]

1. e4 Nf6 2. e5 Nd5 3. d4 d6 4. Nf3 e6 5. Nc3 Nxc3 6. bxc3 
N@e4 7. Bd2 dxe5 8. Nxe5 P@e3 9. Bxe3 Nxc3 10. Qf3 P@f6 11. Ng4 f5 
12. Ne5 Bb4 13. P@d2 Ne4 14. P@d3 Bxd2+ 15. Bxd2 Qxd4 16. N@b3 Nxd2 17. Nxd4 
Nxf3+ 18. Ndxf3 Q@c3+ 19. B@d2 Qxa1+ 20. Q@c1 R@b1 21. N@b3 P@b2 
{ronenl resigns} 0-1

[Event "fics rated crazyhouse match"]
[Site "fics, Oklahoma City, OK USA"]
[Date "2000.04.01"]
[White "Eyefor"]
[WhiteElo "2285"]
[Black "ronenl"]
[BlackElo "2165"]
[TimeControl "120+0"]
[Result "1-0"]

1. e4 e6 2. d4 d5 3. exd5 exd5 4. Bb5+ Bd7 5. Qe2+ Be7 6. Nc3 
Bxb5 7. Qxb5+ Nc6 8. Qxb7 Nxd4 9. B@a4+ Kf8 10. Qxd5 Qxd5 11. Nxd5 B@c4 
12. Ne3 P@e2 13. P@d3 P@f4 14. Q@e4 fxe3 15. Qxa8# 
{ronenl resigns} 1-0

[Event "fics rated crazyhouse match"]
[Site "fics, Oklahoma City, OK USA"]
[Date "2000.04.01"]
[White "ronenl"]
[WhiteElo "2160"]
[Black "Eyefor"]
[BlackElo "2290"]
[TimeControl "120+0"]
[Result "0-1"]

1. e4 e6 2. d4 Nc6 3. Be3 d5 4. e5 h6 5. Bd3 Bb4+ 6. c3 
Bf8 7. Nd2 Nge7 8. Nh3 Nf5 9. O-O Nxe3 10. fxe3 B@f5 11. Bxf5 exf5 
12. B@h5 Be6 13. Qc2 B@g4 14. Bxg4 fxg4 15. B@f5 gxh3 16. Bxe6 N@e2+ 17. Kh1 
hxg2+ 18. Kxg2 fxe6 19. Qg6+ Kd7 20. Qf7+ Kc8 21. Qxe6+ B@d7 22. Qxd5 Bh3+ 
23. Kf2 Qxd5 24. Kxe2 Bxf1+ 25. Rxf1 P@d3# 
{ronenl resigns} 0-1

[Event "fics rated crazyhouse match"]
[Site "fics, Oklahoma City, OK USA"]
[Date "2000.04.01"]
[White "Eyefor"]
[WhiteElo "2295"]
[Black "ronenl"]
[BlackElo "2155"]
[TimeControl "120+0"]
[Result "1-0"]

1. e4 Nf6 2. Nc3 d5 3. exd5 Nxd5 4. Nf3 Nc6 5. Nxd5 Qxd5 6. N@b5 
Qd8 7. P@d5 P@a6 8. dxc6 bxc6 9. Nbd4 Bb7 10. N@a5 Qc8 11. Ndxc6 P@b6 
12. Nxb7 Qxb7 13. P@d7+ Kxd7 14. Nfe5+ Ke6 15. Qf3 N@g5 16. Bc4+ P@d5 17. B@f5+ 
Kf6 18. Ng4# 
{ronenl checkmated} 1-0

[Event "fics rated crazyhouse match"]
[Site "fics, Oklahoma City, OK USA"]
[Date "2000.04.01"]
[White "PJK"]
[WhiteElo "2167"]
[Black "Burgsvik"]
[BlackElo "2051"]
[TimeControl "60+0"]
[Result "0-1"]

1. Nf3 e6 2. e4 Nf6 3. e5 Ne4 4. Nc3 d5 5. Nxe4 dxe4 6. Ng1 
Bc5 7. N@e3 Bxe3 8. fxe3 Nc6 9. B@f2 Nxe5 10. Bb5+ c6 11. Ba4 N@d3+ 
12. cxd3 Nxd3+ 13. Kf1 Nxf2 14. Kxf2 N@d3+ 15. Kf1 P@f3 16. gxf3 exf3 17. Qxf3 
Nxc1 18. Rxc1 B@d3+ 19. P@e2 B@e4 20. Qg3 Bxh1 21. N@f4 P@g2+ 22. Nxg2 Bxg2+ 
23. Qxg2 N@h4 24. Qxg7 P@g2+ 25. Kf2 R@f1+ 26. Rxf1 gxf1=Q+ 27. Kxf1 R@g2 28. Qxg2 
Nxg2 29. N@g7+ Kf8 30. Nxe6+ Bxe6 31. P@g7+ Kxg7 32. N@h5+ Kg6 33. R@g7+ Kxh5 
34. B@f3+ P@g4 35. R@h3+ N@h4 36. Rxh4+ Qxh4 37. N@g3+ Qxg3 38. hxg3 R@e1+ 39. Kxg2 
N@f4+ 40. gxf4 Q@f1+ 41. Kh1 Qxg1# 
{PJK checkmated} 0-1

[Event "fics rated crazyhouse match"]
[Site "fics, Oklahoma City, OK USA"]
[Date "2000.04.01"]
[White "ronenl"]
[WhiteElo "2178"]
[Black "Binford"]
[BlackElo "2097"]
[TimeControl "60+0"]
[Result "0-1"]

1. e4 c5 2. Nf3 Nc6 3. d4 cxd4 4. Nxd4 Nxd4 5. Qxd4 d6 6. Bb5+ 
Bd7 7. Bxd7+ Qxd7 8. N@d5 P@c7 9. B@a4 N@c6 10. O-O B@e5 11. Qd1 Nf6 
12. Nxf6+ exf6 13. P@d5 Be7 14. dxc6 bxc6 15. N@d4 Bxd4 16. Qxd4 O-O 17. B@b7 
N@e5 18. f4 Rab8 19. fxe5 Rxb7 20. exf6 B@c5 21. fxe7 Bxd4+ 22. Kh1 Q@g1+ 
23. Rxg1 N@f2# 
{ronenl checkmated} 0-1

[Event "fics rated crazyhouse match"]
[Site "fics, Oklahoma City, OK USA"]
[Date "2000.04.01"]
[White "Binford"]
[WhiteElo "2107"]
[Black "ronenl"]
[BlackElo "2168"]
[TimeControl "60+0"]
[Result "0-1"]

1. e4 Nf6 2. e5 Ne4 3. Nc3 d5 4. d4 Nc6 5. Bb5 e6 6. a3 
Bd7 7. Nf3 Nxc3 8. bxc3 Nxe5 9. Nxe5 Bxb5 10. Nxf7 Kxf7 11. N@e5+ Ke7 
12. N@f7 N@h4 13. Bg5+ B@f6 14. Bxh4 Bxh4 15. P@g3 P@e2 16. Qd2 Qe8 17. Nxh8 
B@f6 18. N@f7 Bxe5 19. Nxe5 N@c6 20. B@g5+ Bxg5 21. Qxg5+ B@f6 22. R@f7+ Qxf7 
23. Nhxf7 R@f1+ 24. Rxf1 exf1=Q+ 25. Kd2 N@c4+ 26. Nxc4 Bxg5+ 27. f4 Q@e2# 
{Binford checkmated} 0-1

[Event "fics rated crazyhouse match"]
[Site "fics, Oklahoma City, OK USA"]
[Date "2000.04.01"]
[White "ronenl"]
[WhiteElo "2175"]
[Black "Eyefor"]
[BlackElo "2305"]
[TimeControl "120+0"]
[Result "0-1"]

1. e4 e6 2. d4 d6 3. Bd3 d5 4. e5 Nc6 5. Be3 Bb4+ 6. c3 
Be7 7. Nd2 Bg5 8. f4 Bh4+ 9. g3 Nxe5 10. Ne2 Nxd3+ 11. Kf1 Be7 
{ronenl resigns} 0-1

[Event "fics rated crazyhouse match"]
[Site "fics, Oklahoma City, OK USA"]
[Date "2000.04.01"]
[White "Eyefor"]
[WhiteElo "2310"]
[Black "ronenl"]
[BlackElo "2170"]
[TimeControl "120+0"]
[Result "1-0"]

1. e4 d5 2. exd5 Nf6 3. Bb5+ c6 4. dxc6 bxc6 5. Be2 e5 6. P@g5 
Ne4 7. d3 Nxg5 8. Bxg5 Qxg5 9. N@c7+ Kd7 10. Nxa8 B@a5+ 11. Kf1 Bb7 
12. R@a4 Bxa8 13. Rxa5 P@a6 14. Nf3 Qxg2+ 15. Kxg2 c5 16. B@g4+ P@e6 17. Kg1 
P@f5 18. Nxe5+ Ke8 19. Q@c8# 
{ronenl resigns} 1-0

[Event "fics rated crazyhouse match"]
[Site "fics, Oklahoma City, OK USA"]
[Date "2000.04.01"]
[White "ronenl"]
[WhiteElo "2165"]
[Black "Eyefor"]
[BlackElo "2315"]
[TimeControl "120+0"]
[Result "0-1"]

1. e4 Nf6 2. Nc3 d5 3. exd5 Nxd5 4. Bc4 e6 5. Bxd5 exd5 6. d4 
P@b4 7. Nb1 Bf5 8. Nf3 B@e4 9. Qe2 Qe7 10. N@b5 Bxf3 11. Nxc7+ Kd8 
12. Qxe7+ Bxe7 13. gxf3 Bxc2 14. B@e2 N@d3+ 15. Kd2 Nxf2 16. Nxa8 P@c7 17. Nxc7 
Q@f4+ 18. Q@e3 Qxe3+ 19. Kxe3 Nxh1 20. Q@g2 Q@g5+ 21. Qxg5 Bxg5+ 22. P@f4 R@d3+ 
23. Bxd3 Q@f2# 
{ronenl checkmated} 0-1

[Event "fics rated crazyhouse match"]
[Site "fics, Oklahoma City, OK USA"]
[Date "2000.04.01"]
[White "pminear"]
[WhiteElo "2491"]
[Black "jtp"]
[BlackElo "2240"]
[TimeControl "180+0"]
[Result "0-1"]

1. e4 Nf6 2. Nc3 d5 3. exd5 Nxd5 4. d4 e6 5. Bd3 Bb4 6. Ne2 
Qe7 7. O-O Nc6 8. Nxd5 exd5 9. Nf4 Be6 10. P@f5 P@e4 11. Bb5 Bxf5 
12. Nxd5 Qd6 13. Nxb4 Qxb4 14. Bxc6+ bxc6 15. B@c5 Qc4 16. N@f4 B@g4 17. f3 
exf3 18. gxf3 N@h3+ 19. Nxh3 P@e2 20. Re1 Bxf3 21. P@d3 Qe6 22. P@d7+ Kxd7 
23. N@e5+ Qxe5 24. dxe5 exd1=Q 25. Q@e7+ Kc8 
{pminear resigns} 0-1

[Event "fics rated crazyhouse match"]
[Site "fics, Oklahoma City, OK USA"]
[Date "2000.04.01"]
[White "jtp"]
[WhiteElo "2253"]
[Black "pminear"]
[BlackElo "2478"]
[TimeControl "180+0"]
[Result "1-0"]

1. e4 e5 2. Nf3 Nc6 3. Bc4 Bc5 4. c3 Nf6 5. d4 exd4 6. cxd4 
Bxd4 7. P@d5 P@g4 8. Ng5 Bxf2+ 9. Kxf2 Ne5 10. Be2 P@f3 11. gxf3 gxf3 
12. Bxf3 Nxf3 13. Qxf3 B@h4+ 14. B@g3 Bxg5 15. Bxg5 N@g4+ 16. Ke1 Qe7 17. N@f5 
Qb4+ 18. B@c3 Qc5 19. Nxg7+ Kf8 20. Bgxf6 P@f2+ 21. Bxf2 Nxf2 22. P@e7+ Qxe7 
23. Bxe7+ Kxe7 24. Q@f6+ Kf8 25. Qxf7# 
{pminear checkmated} 1-0

[Event "fics rated crazyhouse match"]
[Site "fics, Oklahoma City, OK USA"]
[Date "2000.04.01"]
[White "pminear"]
[WhiteElo "2465"]
[Black "jtp"]
[BlackElo "2266"]
[TimeControl "180+0"]
[Result "1-0"]

1. e4 Nf6 2. Nc3 d5 3. exd5 Nxd5 4. d4 e6 5. Bd3 Bb4 6. Ne2 
Qe7 7. O-O Nc6 8. Nxd5 exd5 9. Nf4 P@e6 10. Bb5 Bd7 11. Bxc6 bxc6 
12. N@e5 Bd6 13. Nxd7 Kxd7 14. P@c5 Bxf4 15. Bxf4 f6 16. Bxc7 B@a6 17. B@g4 
h5 18. Bxh5 Rxh5 19. Qxh5 N@f4 20. Bxf4 N@e2+ 21. Qxe2 Bxe2 22. R@b7+ Kd8 
23. Rxe7 Kxe7 24. N@g6+ Kf7 25. N@e5+ fxe5 26. Nxe5# 
{jtp resigns} 1-0

[Event "fics rated crazyhouse match"]
[Site "fics, Oklahoma City, OK USA"]
[Date "2000.04.01"]
[White "jtp"]
[WhiteElo "2262"]
[Black "pminear"]
[BlackElo "2469"]
[TimeControl "180+0"]
[Result "0-1"]

1. e4 e5 2. Nf3 Nc6 3. Bc4 Bc5 4. c3 Nf6 5. d4 exd4 6. cxd4 
Bxd4 7. P@d5 P@g4 8. Ng5 P@c2 9. Qxc2 Ne5 10. P@e6 dxe6 11. dxe6 Bxe6 
12. Bxe6 fxe6 13. Nxe6 Bxf2+ 14. Kxf2 g3+ 15. hxg3 Nfg4+ 16. Ke1 P@f2+ 17. Qxf2 
Nxf2 18. B@a4+ B@c6 19. Bxc6+ bxc6 20. Nxg7+ Kf8 21. B@c5+ B@e7 22. Ne6+ Kg8 
23. Nxd8 Q@d1+ 24. Kxf2 Ng4# 
{jtp checkmated} 0-1

[Event "fics rated crazyhouse match"]
[Site "fics, Oklahoma City, OK USA"]
[Date "2000.04.01"]
[White "pminear"]
[WhiteElo "2480"]
[Black "jtp"]
[BlackElo "2251"]
[TimeControl "180+0"]
[Result "1-0"]

1. e4 Nf6 2. Nc3 d5 3. exd5 Nxd5 4. d4 e6 5. Bd3 Bb4 6. Ne2 
P@a3 7. O-O axb2 8. Bxb2 Bxc3 9. Bxc3 N@h4 10. Bd2 P@f3 11. gxf3 Nxf3+ 
12. Kh1 P@h3 13. B@e4 Nxd2 14. Qxd2 B@h6 15. Qd1 f5 16. Bf3 Nc6 17. Rg1 
Qh4 18. P@g3 Qe7 19. c4 Nf6 20. P@g2 Ng4 21. Qe1 hxg2+ 22. Bxg2 P@e4 
23. Bc2 e3 24. fxe3 Bxe3 25. N@h3 P@f2 26. Qf1 fxg1=Q+ 27. Nexg1 Bxg1 28. Qxg1 
R@d2 29. B@h5+ g6 30. Bxg4 fxg4 31. Rf1 gxh3 32. P@f7+ Kd8 33. Bxh3 Rxc2 
34. P@f6 Qxf7 35. P@g7 Re8 36. N@g5 Qd7 37. P@f7 P@f2 38. fxe8=Q+ Qxe8 39. Rxf2 
Rxf2 40. Qxf2 R@d1+ 41. R@g1 B@e1 42. Rxe1 
{jtp forfeits on time} 1-0

[Event "fics rated crazyhouse match"]
[Site "fics, Oklahoma City, OK USA"]
[Date "2000.04.01"]
[White "jtp"]
[WhiteElo "2248"]
[Black "venomous"]
[BlackElo "2515"]
[TimeControl "180+0"]
[Result "0-1"]

1. e4 e6 2. d4 Nc6 3. Nf3 Nf6 4. e5 Nd5 5. Bb5 d6 6. Nc3 
Nxc3 7. bxc3 Bd7 8. exd6 cxd6 9. Bd3 P@b4 10. c4 N@h4 11. Nxh4 Qxh4 
12. N@c7+ Kd8 13. Nxa8 Qxd4 14. P@c7+ Ke8 15. R@d8+ Nxd8 16. cxd8=Q+ Kxd8 17. Be3 
Qc3+ 18. Kf1 R@c8 19. Bxa7 N@f4 20. Bb6+ P@c7 21. Nxc7 Rxc7 22. Bxc7+ Kxc7 
23. N@a8+ Kd8 24. P@c7+ Ke7 25. R@d8 B@c6 26. Rxd7+ Bxd7 27. B@g5+ f6 28. Bxf4 
Bc6 29. Bxd6+ Kf7 30. N@d8+ Ke8 31. Nxc6 R@c8 32. P@f7+ Kd7 33. B@e8+ Rxe8 
34. fxe8=Q+ Kxe8 35. c8=Q+ Kf7 36. R@h4 N@d2+ 37. Qxd2 Qxa1+ 38. N@e1 P@e2+ 39. Qxe2 
Qxe1+ 40. Qxe1 P@e2+ 41. Qxe2 R@b1+ 42. N@e1 Rxe1+ 43. Qxe1 N@g3+ 44. hxg3 N@d2# 
{jtp forfeits on time} 0-1

[Event "fics rated crazyhouse match"]
[Site "fics, Oklahoma City, OK USA"]
[Date "2000.04.01"]
[White "venomous"]
[WhiteElo "2518"]
[Black "jtp"]
[BlackElo "2245"]
[TimeControl "180+0"]
[Result "1-0"]

1. e4 Nf6 2. Nc3 d5 3. exd5 Nxd5 4. Bc4 e6 5. Nh3 P@d4 6. Ne4 
Nc6 7. O-O Be7 8. d3 e5 9. Nhg5 h6 10. Nxf7 Kxf7 11. Qh5+ g6 
12. Qf3+ Bf5 13. Ng3 N@f6 14. Nxf5 gxf5 15. Qxf5 Kg7 16. Bxd5 Qxd5 17. N@e6+ 
Qxe6 18. Qxe6 B@f7 19. Qxc6 bxc6 20. N@f5+ Kf8 21. P@g7+ Ke8 22. gxh8=Q+ N@f8 
23. P@b7 Rd8 24. P@g7 Q@g6 25. gxf8=Q+ Bxf8 26. Q@e7# 
{jtp checkmated} 1-0

[Event "fics rated crazyhouse match"]
[Site "fics, Oklahoma City, OK USA"]
[Date "2000.04.01"]
[White "jtp"]
[WhiteElo "2242"]
[Black "venomous"]
[BlackElo "2521"]
[TimeControl "180+0"]
[Result "1-0"]

1. e4 e6 2. d4 Nc6 3. Nf3 Nf6 4. Bd3 d5 5. Nbd2 dxe4 6. Nxe4 
Nxe4 7. Bxe4 P@d5 8. Bd3 N@f5 9. c3 Bd7 10. Qe2 Qe7 11. N@b5 Rc8 
12. Bf4 Nd6 13. Bxd6 cxd6 14. P@e5 Nxe5 15. dxe5 Bxb5 16. Bxb5+ P@c6 17. exd6 
Qxd6 18. B@e5 cxb5 19. Bxd6 Bxd6 20. P@d7+ Kxd7 21. N@e5+ Kc7 22. Q@d7+ Kb8 
23. Qxd6+ B@c7 24. Qd7 B@a6 25. N@b4 N@c5 26. Qxf7 Bxe5 27. Nxe5 P@d3 28. Nexd3 
Nxd3+ 29. Qxd3 N@c5 30. Qg3+ B@c7 31. P@d6 P@d2+ 32. Kf1 N@e4 33. dxc7+ Ka8 
34. Qgf4 g5 35. Qe3 Na4 36. B@e5 Nxb2 37. P@d7 Nc4 38. dxc8=Q# 
{venomous resigns} 1-0

[Event "fics rated crazyhouse match"]
[Site "fics, Oklahoma City, OK USA"]
[Date "2000.04.01"]
[White "venomous"]
[WhiteElo "2508"]
[Black "jtp"]
[BlackElo "2255"]
[TimeControl "180+0"]
[Result "1-0"]

1. e4 Nc6 2. Nf3 d5 3. exd5 Qxd5 4. Nc3 Qd8 5. Bb5 Bd7 6. d4 
e6 7. O-O Nf6 8. Bg5 Be7 9. P@e5 Nd5 10. Nxd5 exd5 11. Bxc6 bxc6 
12. Bxe7 Qxe7 13. B@h4 f6 14. exf6 gxf6 15. P@b7 Rb8 16. N@c8 Bxc8 17. bxc8=Q+ 
Rxc8 18. N@f5 Qf7 19. B@b7 B@d7 20. Bxc8 Bxc8 21. R@e7+ Qxe7 22. Nxe7 R@e6 
23. Nxc8 P@e2 24. Ne5 exf1=Q+ 25. Qxf1 Rxe5 26. dxe5 R@g7 27. B@h5+ B@g6 28. P@f7+ 
Kd8 29. Bxf6+ Kxc8 30. Bxg7 
{jtp resigns} 1-0

[Event "fics rated crazyhouse match"]
[Site "fics, Oklahoma City, OK USA"]
[Date "2000.04.01"]
[White "jtp"]
[WhiteElo "2252"]
[Black "venomous"]
[BlackElo "2511"]
[TimeControl "180+0"]
[Result "1-0"]

1. e4 e6 2. Nc3 Nc6 3. Nf3 Bb4 4. Bb5 Nf6 5. e5 Ng4 6. d4 
Bxc3+ 7. bxc3 N@e4 8. B@h4 Ngxf2 9. Bxc6 Nxd1 10. Bxe4 P@f2+ 11. Kxd1 Q@g1+ 
12. Nxg1 f1=Q+ 13. Be1 d6 14. N@h5 Rg8 15. N@e3 dxe5 16. Nxf1 exd4 17. Q@a4+ 
P@c6 18. cxd4 b5 19. Qb4 a5 20. Qd2 P@f5 21. Bxc6+ Bd7 22. Bxd7+ Qxd7 
23. N@f6+ gxf6 24. Nxf6+ Kd8 25. Nxd7 N@e4 26. P@b7 Kxd7 27. bxa8=Q N@c3+ 28. Qxc3 
Nxc3+ 29. Bxc3 B@g4+ 30. P@f3 Q@d6 31. P@c6+ Ke7 32. Qxg8 
{venomous resigns} 1-0

[Event "fics rated crazyhouse match"]
[Site "fics, Oklahoma City, OK USA"]
[Date "2000.04.01"]
[White "venomous"]
[WhiteElo "2498"]
[Black "jtp"]
[BlackElo "2265"]
[TimeControl "180+0"]
[Result "1-0"]

1. e4 Nf6 2. Nc3 d5 3. exd5 Nxd5 4. Bc4 e6 5. Nh3 h5 6. Bxd5 
exd5 7. Nf4 d4 8. Qe2+ P@e6 9. P@g6 dxc3 10. gxf7+ Kxf7 11. N@e5+ Kf6 
12. dxc3 g5 13. Nxh5+ Rxh5 14. Qxh5 Kxe5 15. Qxg5+ Qxg5 16. Bxg5 Q@e4+ 17. R@e3 
B@d2+ 18. Kd1 Bxe3 19. P@d4+ Bxd4 20. cxd4+ Qxd4+ 21. B@d3 N@a4 22. Q@f6+ Kd5 
23. P@c4+ Kc5 24. Qxd4# 
{jtp resigns} 1-0

[Event "fics rated crazyhouse match"]
[Site "fics, Oklahoma City, OK USA"]
[Date "2000.04.01"]
[White "jtp"]
[WhiteElo "2262"]
[Black "venomous"]
[BlackElo "2501"]
[TimeControl "180+0"]
[Result "1-0"]

1. e4 e6 2. d4 Nc6 3. Nf3 Nf6 4. e5 Nd5 5. Bb5 d6 6. Nc3 
Nxc3 7. bxc3 Bd7 8. Rb1 Rb8 9. Bg5 f6 10. exf6 gxf6 11. Bh4 N@e4 
12. Qd3 P@f5 13. P@e5 dxe5 14. dxe5 P@g7 15. exf6 gxf6 16. Bxc6 bxc6 17. Rxb8 
Qxb8 18. Qxd7+ Kxd7 19. N@e5+ fxe5 20. Nxe5+ Kd6 21. N@c4+ Kc5 22. B@d4+ Kb5 
23. R@a5# 
{venomous checkmated} 1-0

[Event "fics rated crazyhouse match"]
[Site "fics, Oklahoma City, OK USA"]
[Date "2000.04.01"]
[White "venomous"]
[WhiteElo "2488"]
[Black "jtp"]
[BlackElo "2275"]
[TimeControl "180+0"]
[Result "1-0"]

1. e4 Nf6 2. Nc3 Nc6 3. Nf3 d5 4. exd5 Nxd5 5. Bc4 e6 6. O-O 
Be7 7. d4 a6 8. Bd3 Nxc3 9. bxc3 P@f5 10. N@e5 Nxe5 11. Nxe5 N@c6 
12. Nxc6 bxc6 13. N@e5 Qd5 14. N@f4 Qd6 15. P@c5 Qxe5 16. dxe5 Bd7 17. Q@b7 
Rc8 18. Bxa6 N@e4 19. Qxc8+ Bxc8 20. Bxc8 O-O 21. P@f6 gxf6 22. exf6 Bxf6 
23. P@e7 Bxe7 24. B@d4 f6 25. Bxe6+ P@f7 26. Bxf5 Ng5 27. R@g3 P@e5 28. Nh5 
Q@h6 29. Bxg5 fxg5 30. Bxe5 f6 31. Be6+ P@f7 32. N@f5 
{jtp resigns} 1-0